 Dungeon Crawl Stone Soup version 0.30-a0-385-gfebfb9b408 (webtiles) character file.

Game seed: 17824181743272339361

247 Sabo the Magician (level 5, -5/28 HPs)
             Began as a Deep Elf Air Elementalist on Dec 3, 2022.
             Was a Believer of Ru.
             Killed by divine providence
             ... invoked by an orc priest
              (13 damage)
             ... on level 4 of the Dungeon.
             The game lasted 00:28:51 (3889 turns).

Sabo the Magician (Deep Elf Air Elementalist)       Turns: 3889, Time: 00:28:53

Health: -5/28      AC:  8    Str:  5    XL:     5   Next: 85%
Magic:  2/13       EV: 10    Int: 22    God:    Ru [**....]
Gold:   229        SH:  0    Dex: 15    Spells: 10/13 levels left

rFire   + . .      SeeInvis .    t - +1 dagger (protect)
rCold   . . .      Faith    .    (no shield)
rNeg    + . .      Spirit   .    w - +0 acid dragon scales
rPois   .          Reflect  .    k - +0 helmet
rElec   .          Harm     .    (no cloak)
rCorr   +          Rampage  .    u - +0 pair of gloves
Will    .....                    (no boots)
Stlth   ..........               (no amulet)
HPRegen 0.24/turn                c - ring of positive energy
MPRegen 0.13/turn                g - ring of protection from fire

@: no status effects
A: no stealth, inability to train dodging
a: Renounce Religion


You were on level 4 of the Dungeon.
You worshipped Ru.
Ru was pleased with you.
You visited 1 branch of the dungeon, and saw 4 of its levels.

You collected 229 gold pieces.

Inventory:

Hand Weapons
 m - a +1 dagger of electrocution
 o - a +0 hand axe
 s - a +0 halberd
 t - a +1 dagger of protection (weapon)
Missiles
 y - 2 throwing nets
 A - 6 boomerangs (quivered)
Armour
 a - a +0 robe
 k - a +0 helmet (worn)
 u - a +0 pair of gloves (worn)
 w - +0 acid dragon scales (worn)
Jewellery
 c - a ring of positive energy (left hand)
 g - a ring of protection from fire (right hand)
Scrolls
 e - a scroll of butterflies
 h - a scroll of enchant armour {unknown}
 i - a scroll of teleportation {unknown}
 j - 2 scrolls of identify {unknown}
 n - a scroll of immolation {unknown}
 q - a scroll of silence {unknown}
 r - a scroll of fear
Potions
 b - 2 potions of magic
 d - a potion of haste {unknown}
 f - 2 potions of might {unknown}
 l - a potion of mutation {unknown}
 p - a potion of cancellation {unknown}
 v - a potion of resistance {unknown}
 x - 2 potions of lignification {unknown}
 z - a potion of degeneration {unknown}


   Skills:
 + Level 0.3 Fighting
 + Level 2.0 Short Blades
 + Level 0.2 Armour
 + Level 4.5 Spellcasting
 + Level 2.9 Conjurations
 + Level 4.4 Air Magic


You had 10 spell levels left.
You knew the following spells:

 Your Spells              Type           Power      Damage    Failure   Level
a - Shock                 Conj/Air       84%        1d8       5%          1
b - Ensorcelled Hibernat  Hex/Ice        10%        N/A       34%         2

Your spell library contained the following spells:

 Spells                   Type           Power      Damage    Failure   Level
 Magic Dart               Conj           68%        1d6       7%          1
 Static Discharge         Conj/Air       42%        2-4/arc   8%          2
 Swiftness                Air            24%        N/A       12%         3
 Summon Small Mammal      Summ           20%        N/A       24%         1
 Mephitic Cloud           Conj/Pois/Air  15%        N/A       26%         3
 Call Imp                 Summ           5%         N/A       34%         2
 Passwall                 Tmut/Erth      4%         N/A       34%         2
 Airstrike                Air            12%        2d(2-18)  36%         4
 Call Canine Familiar     Summ           5%         N/A       56%         3
 Summon Guardian Golem    Hex/Summ       5%         N/A       56%         3


Dungeon Overview and Level Annotations

Branches:
Dungeon (4/15)
 Temple: D:4-7

Altars:
Ru


Innate Abilities, Weirdness & Mutations

You cannot be stealthy.
You cannot train Dodging skill.


Message History

The orc priest is moderately wounded.
The orc hits you but does no damage. The orc priest closely misses you.
Casting: Shock (safe; 5% risk of failure)
Confirm with . or Enter, or press ? or * to list all spells.
Aiming: Shock (safe; 5% risk of failure)
Press: ? - help, Shift-Dir - straight line, f/p - orc priest
Aim: an orc priest, wielding a +0 whip and wearing a +0 ring mail (moderately wounded, 77% to hit)
The zap misses the orc priest.
The orc priest hits you but does no damage.
The orc closely misses you.
Casting: Shock (safe; 5% risk of failure)
Confirm with . or Enter, or press ? or * to list all spells.
Aiming: Shock (safe; 5% risk of failure)
Press: ? - help, Shift-Dir - straight line, f/p - orc priest
Aim: an orc priest, wielding a +0 whip and wearing a +0 ring mail (moderately wounded, 77% to hit)
The zap hits the orc priest but does no damage.
The orc priest is moderately wounded.
The orc hits you with a +0 short sword.
The orc priest hits you but does no damage.
Casting: Shock (safe; 5% risk of failure)
Confirm with . or Enter, or press ? or * to list all spells.
Aiming: Shock (safe; 5% risk of failure)
Press: ? - help, Shift-Dir - straight line, f/p - orc priest
Aim: an orc priest, wielding a +0 whip and wearing a +0 ring mail (moderately wounded, 77% to hit)
The zap hits the orc priest.
The orc priest is heavily wounded.
The orc priest mumbles some strange prayers to Beogh against you.
Beogh smites you!
Ouch! That really hurt!
The orc hits you with a +0 short sword.
* * * LOW HITPOINT WARNING * * *
Casting: Shock (safe; 5% risk of failure)
Confirm with . or Enter, or press ? or * to list all spells.
Aiming: Shock (safe; 5% risk of failure)
Press: ? - help, Shift-Dir - straight line, f/p - orc priest
Aim: an orc priest, wielding a +0 whip and wearing a +0 ring mail (heavily wounded, 77% to hit)
The zap misses the orc priest.
The orc priest mumbles some strange prayers to Beogh against you.
Beogh smites you!
You die...

..))..).)....####
#.)........###
#.....###### #....##
#....# ##...## #
#....################...
#.......................
##.............@o).))...
############...o.......
############ # ## .# .#
##


You could see an orc priest and an orc.

Vanquished Creatures
  An orc priest (D:4)
  A scorpion zombie (D:3)
  2 hound skeletons (D:3)
  3 adders
  3 gnolls (D:2)
  An adder zombie (D:3)
  A dart slug (D:1)
  9 orcs
  6 endoplasms
  2 giant cockroaches
  9 goblins
  12 hobgoblins
  5 jackals (D:3)
  9 kobolds
  2 quokkas
  7 ball pythons
  11 bats
  4 frilled lizards
  4 rats
92 creatures vanquished.

Notes
Turn   | Place    | Note
-------+----------+-------------------------------------------
     0 | D:1      | Sabo the Deep Elf Air Elementalist began the quest for the
                  | Orb.
     0 | D:1      | Reached XP level 1. HP: 10/10 MP: 6/6
   177 | D:1      | Found a faded altar of an unknown god.
   182 | D:1      | Prayed at the altar of an unknown god.
   182 | D:1      | Became a worshipper of Ru the Awakened
   185 | D:1      | Gained mutation: You cannot be stealthy. [Ru sacrifice]
   305 | D:1      | Reached XP level 2. HP: 15/15 MP: 6/8
   845 | D:1      | Reached XP level 3. HP: 18/19 MP: 6/10
  1430 | D:2      | Reached XP level 4. HP: 24/24 MP: 9/11
  2039 | D:2      | Learned a level 2 spell: Ensorcelled Hibernation
  2579 | D:3      | Reached skill level 1 in Short Blades
  2728 | D:3      | Reached XP level 5. HP: 28/28 MP: 11/13
  3255 | D:3      | Gained mutation: You cannot train Dodging skill. [Ru
                  | sacrifice]
  3255 | D:3      | Reached * piety under Ru
  3255 | D:3      | Reached ** piety under Ru
  3889 | D:4      | Killed from afar by an orc priest

Illustrated notes

Levels and vault maps discovered:
D:1:      mrwooster_arrival_statue_2, layout_rooms,
          hellmonk_ecumenical_altar_heavens_door
D:2:      layout_basic, chequers_serial_rivers_large_b
D:3:      layout_loops_corners, serial_undead, serial_undead_a, serial_undead_d,
          serial_undead_c, serial_undead_c, minmay_stone_trees_small,
          chequers_mini_garden, st_stairs_10
D:4:      layout_layer_cave

Skill      XL: |  1  2  3  4  5 |
---------------+----------------+-----
Stealth        | 0 |  0.0
Conjurations   | 2 |  2.9
Air Magic      | 4 |  4.4
Spellcasting   | 4 |  4.5
Dodging        | 3 0 |  0.0
Short Blades   | 1 2 |  2.0
Fighting       | |  0.3
Armour         | |  0.2

Action                   |  1- 3 |  4- 6 || total
-------------------------+-------+-------++-------
Melee: Club              |     1 |       ||     1
       Dagger            |    19 |   136 ||   155
       Halberd           |     2 |     5 ||     7
       Punch             |       |     3 ||     3
 Cast: Shock             |    57 |    77 ||   134
Invok: Sacrifice Stealth |     1 |       ||     1
       Sacrifice Nimblen |       |     1 ||     1
  Use: Scroll            |     2 |     1 ||     3
Armor: Robe              |     7 |    43 ||    50
       Acid dragon scale |       |    44 ||    44
Dodge: Dodged            |    27 |   118 ||   145

Table legend: (Time is in decaauts)
 A = Elapsed time spent in this place.
 B = Non-inter-level travel time spent in this place.
 C = Inter-level travel time spent in this place.
 D = Time resting spent in this place.
 E = Time spent auto-exploring this place.
 F = Levels seen in this place.
 G = Mean time per level.
                   A        B        C        D        E       F      G
               +--------+--------+--------+--------+--------+-----+--------+
         Total |   3939 |   3939 |      0 |   1210 |      0 |   4 |  984.8 |
       Dungeon |   3939 |   3939 |      0 |   1210 |      0 |   4 |  984.8 |
               +--------+--------+--------+--------+--------+-----+--------+

Top non-repeatable levels by time:
     D:3: 1380 daAuts
     D:2: 1218 daAuts
     D:1: 1115 daAuts
     D:4: 225 daAuts
